3A
PROVO MANGO @ HIGHWOOD HAWKS
06/24/2030
 
TOP OF THE 1ST
Provo Mango batting - Pitching for Highwood Hawks : RHP Wu-shiun Lao
Pitching: RHP Wu-shiun Lao
Batting: RHB Shihei Kichikawa 0-0: DOUBLE (Line Drive, 7LM)
Batting: LHB Tom Haymon 0-0: Called Strike
0-1: Foul Ball, location: 2F
0-2: Ground out 4-3 (Groundball, 4S)
Shihei Kichikawa to third
Batting: RHB Jeff Hunter 0-0: Ball
1-0: Ground out 6-3 (Groundball, 6)
Shihei Kichikawa scores
Batting: RHB Xi-ku See-to 0-0: Called Strike
0-1: Foul Ball, location: 2F
0-2: Ball
1-2: Strikes out swinging
Top of the 1st over - 1 run, 1 hit, 0 errors, 0 left on base; Provo 1 - Highwood 0
BOTTOM OF THE 1ST
Highwood Hawks batting - Pitching for Provo Mango : RHP Nicolas Roche
Pitching: RHP Nicolas Roche
Batting: RHB Paco Ibarra 0-0: Bunt missed!
0-1: Foul Ball, location: 2F
0-2: Reached on error, E4 (Groundball, 34)
Batting: RHB Fernando Franco 0-0: Called Strike
0-1: Ball
1-1: Foul Ball, location: 2F
1-2: Strikes out looking
Batting: RHB Paul Byrd 0-0: Grounds into double play, 6-4-3 (Groundball, 6)
Bottom of the 1st over - 0 runs, 0 hits, 1 error, 0 left on base; Provo 1 - Highwood 0
TOP OF THE 2ND
Provo Mango batting - Pitching for Highwood Hawks : RHP Wu-shiun Lao
Batting: SHB Tommy Dreamer 0-0: Foul Ball, location: 2F
0-1: Foul Ball, location: 2F
0-2: Ball
1-2: Ball
2-2: Foul Ball, location: 2F
2-2: Ball
3-2: Fly out, F7 (Flyball, 78M)
Batting: RHB Sun-jae Kwak 0-0: Called Strike
0-1: Ball
1-1: Ball
2-1: Fly out, F8 (Flyball, 8RM)
Batting: RHB Gerardo Vázquez 0-0: Foul Ball, location: 2F
0-1: Called Strike
0-2: Ball
1-2: Ball
2-2: Strikes out swinging
Top of the 2nd over - 0 runs, 0 hits, 0 errors, 0 left on base; Provo 1 - Highwood 0
BOTTOM OF THE 2ND
Highwood Hawks batting - Pitching for Provo Mango : RHP Nicolas Roche
Batting: RHB Ray Covalt 0-0: Called Strike
0-1: Swinging Strike
0-2: Ball
1-2: Ball
2-2: Foul Ball, location: 2F
2-2: Strikes out looking
Batting: RHB Jimmy Scott 0-0: Called Strike
0-1: Ball
1-1: Called Strike
1-2: Ball
2-2: Strikes out swinging
Batting: SHB Greg Buckner 0-0: Called Strike
0-1: SINGLE (Groundball, 3D)
Batting: RHB Félix Vaca 0-0: Foul Ball, location: 2F
0-1: Foul Ball, location: 2F
0-2: Foul Ball, location: 2F
0-2: Fielders Choice at 2nd, 5-4 (Groundball, 5)
Bottom of the 2nd over - 0 runs, 1 hit, 0 errors, 1 left on base; Provo 1 - Highwood 0
TOP OF THE 3RD
Provo Mango batting - Pitching for Highwood Hawks : RHP Wu-shiun Lao
Batting: RHB Mike Bean 0-0: Swinging Strike
0-1: Ball
1-1: Ball
2-1: Called Strike
2-2: Foul Ball, location: 2F
2-2: Strikes out swinging
Batting: RHB Mario van Heijbeeck 0-0: Ball
1-0: Called Strike
1-1: Ball
2-1: Ball
3-1: Base on Balls
Batting: RHB Shihei Kichikawa 0-0: Ball
1-0: Grounds into double play, 5-4-3 (Groundball, 56)
Top of the 3rd over - 0 runs, 0 hits, 0 errors, 0 left on base; Provo 1 - Highwood 0
BOTTOM OF THE 3RD
Highwood Hawks batting - Pitching for Provo Mango : RHP Nicolas Roche
Batting: RHB Jon Deal 0-0: Ball
1-0: Ball
2-0: Called Strike
2-1: Ball
3-1: Base on Balls
Batting: SHB Arvo Helminen 0-0: Ball
1-0: Foul Ball, location: 2F
1-1: Swinging Strike
1-2: Strikes out swinging
Batting: RHB Paco Ibarra 0-0: Ball
1-0: Ball
2-0: Ground out 5-3 (Groundball, 56S)
Jon Deal to second
Batting: RHB Fernando Franco 0-0: Called Strike
0-1: Ball
1-1: Ball
2-1: Ball
3-1: Foul Ball, location: 2F
3-2: Strikes out swinging
Bottom of the 3rd over - 0 runs, 0 hits, 0 errors, 1 left on base; Provo 1 - Highwood 0
TOP OF THE 4TH
Provo Mango batting - Pitching for Highwood Hawks : RHP Wu-shiun Lao
Batting: LHB Tom Haymon 0-0: Ball
1-0: Ball
2-0: Called Strike
2-1: Ball
3-1: Called Strike
3-2: Base on Balls
Batting: RHB Jeff Hunter 0-0: Ball
1-0: Foul Ball, location: 2F
1-1: Ball
2-1: Called Strike
2-2: Strikes out swinging
Batting: RHB Xi-ku See-to 0-0: Ball
1-0: Foul Ball, location: 2F
Pickoff Throw to First - Error! E1
Tom Haymon to second
1-1: Ball
2-1: Foul Ball, location: 2F
2-2: Foul Ball, location: 2F
2-2: Strikes out looking
Batting: SHB Tommy Dreamer 0-0: Ball
1-0: Ball
2-0: Ball
3-0: Called Strike
3-1: Base on Balls
Batting: RHB Sun-jae Kwak 0-0: Swinging Strike
0-1: Called Strike
0-2: Ball
1-2: Strikes out swinging
Top of the 4th over - 0 runs, 0 hits, 1 error, 2 left on base; Provo 1 - Highwood 0
BOTTOM OF THE 4TH
Highwood Hawks batting - Pitching for Provo Mango : RHP Nicolas Roche
Batting: RHB Paul Byrd 0-0: Fly out, F5 (Line Drive, 56)
Batting: RHB Ray Covalt 0-0: Ball
1-0: Called Strike
1-1: Called Strike
1-2: Ball
2-2: Strikes out swinging
Batting: RHB Jimmy Scott 0-0: Ball
1-0: Ball
2-0: Ball
3-0: Base on Balls
Batting: SHB Greg Buckner 0-0: Swinging Strike
0-1: Ball
1-1: Ball
2-1: Ball
3-1: Called Strike
3-2: Base on Balls
Jimmy Scott to second
Batting: RHB Félix Vaca 0-0: Called Strike
0-1: Ball
1-1: Swinging Strike
1-2: Strikes out swinging
Bottom of the 4th over - 0 runs, 0 hits, 0 errors, 2 left on base; Provo 1 - Highwood 0
TOP OF THE 5TH
Provo Mango batting - Pitching for Highwood Hawks : RHP Wu-shiun Lao
Batting: RHB Gerardo Vázquez 0-0: Called Strike
0-1: Swinging Strike
0-2: Strikes out looking
Batting: RHB Mike Bean 0-0: Ball
1-0: Ball
2-0: Ball
3-0: Called Strike
3-1: Ground out U3 (Groundball, 3)
Batting: RHB Mario van Heijbeeck 0-0: Called Strike
0-1: Called Strike
0-2: Strikes out swinging
Top of the 5th over - 0 runs, 0 hits, 0 errors, 0 left on base; Provo 1 - Highwood 0
BOTTOM OF THE 5TH
Highwood Hawks batting - Pitching for Provo Mango : RHP Nicolas Roche
Batting: RHB Jon Deal 0-0: Called Strike
0-1: Ball
1-1: SINGLE (Flyball, 9LS)
Batting: SHB Arvo Helminen 0-0: Bunted foul
0-1: Ball
1-1: Bunt missed!
1-2: Foul Ball, location: 2F
1-2: Ball
2-2: Foul Ball, location: 2F
2-2: Foul Ball, location: 2F
2-2: Fielders Choice at 2nd, 4-6 (Groundball, 4M)
Batting: RHB Paco Ibarra 0-0: Ball
1-0: DOUBLE (Groundball, 5L)
Arvo Helminen to third
Batting: RHB Fernando Franco 0-0: Called Strike
0-1: Fly out, F7 (Flyball, 78D)
Runner from 3rd tags up, SCORES, no throw
Batting: RHB Paul Byrd 0-0: Called Strike
0-1: Ball
1-1: Foul Ball, location: 2F
1-2: Foul Ball, location: 2F
1-2: Foul Ball, location: 2F
1-2: Ball
2-2: Foul Ball, location: 2F
2-2: Strikes out looking
Bottom of the 5th over - 1 run, 2 hits, 0 errors, 1 left on base; Provo 1 - Highwood 1
TOP OF THE 6TH
Provo Mango batting - Pitching for Highwood Hawks : RHP Wu-shiun Lao
Batting: RHB Shihei Kichikawa 0-0: Ball
1-0: Called Strike
1-1: Swinging Strike
1-2: Ball
2-2: Ball
3-2: Foul Ball, location: 2F
3-2: Ground out 6-3 (Groundball, 6)
Batting: LHB Tom Haymon 0-0: Ball
1-0: Ball
2-0: Ball
3-0: Base on Balls
Batting: RHB Jeff Hunter 0-0: Called Strike
0-1: Ball
1-1: Fly out, F6 (Popup, 6MD)
Batting: RHB Xi-ku See-to 0-0: Ball
1-0: Ball
2-0: Foul Ball, location: 2F
2-1: Foul Ball, location: 2F
2-2: Ball
3-2: SINGLE (Flyball, 78S)
Tom Haymon to second
Tom Haymon to third
Pitching: RHP Dustin de Leeuw
Batting: SHB Tommy Dreamer 0-0: Foul Ball, location: 2F
0-1: Called Strike
0-2: Foul Ball, location: 2F
0-2: SINGLE (Groundball, 5D)
Tom Haymon scores
Xi-ku See-to to second
Batting: RHB Sun-jae Kwak 0-0: Called Strike
0-1: Swinging Strike
0-2: Strikes out looking
Top of the 6th over - 1 run, 2 hits, 0 errors, 2 left on base; Provo 2 - Highwood 1
BOTTOM OF THE 6TH
Highwood Hawks batting - Pitching for Provo Mango : RHP Nicolas Roche
Batting: RHB Ray Covalt 0-0: Called Strike
0-1: Called Strike
0-2: Ball
1-2: Ball
2-2: Fly out, F9 (Flyball, 9S)
Batting: RHB Jimmy Scott 0-0: Called Strike
0-1: Ball
1-1: Ball
2-1: Foul Ball, location: 2F
2-2: Foul Ball, location: 2F
2-2: Strikes out looking
Batting: SHB Greg Buckner 0-0: Ball
1-0: Reached on error, E3 (Popup, 34)
Batting: RHB Félix Vaca 0-0: Ball
1-0: DOUBLE (Line Drive, 7LM)
Greg Buckner to third
Runner from 3rd tries for Home, SAFE, no throw
Batting: RHB Jon Deal 0-0: Intentional Walk
Batting: SHB Arvo Helminen 0-0: Foul Ball, location: 2F
0-1: Ball
1-1: Called Strike
1-2: Strikes out swinging
Bottom of the 6th over - 1 run, 1 hit, 1 error, 2 left on base; Provo 2 - Highwood 2
TOP OF THE 7TH
Provo Mango batting - Pitching for Highwood Hawks : RHP Dustin de Leeuw
Batting: RHB Gerardo Vázquez 0-0: Called Strike
0-1: Foul Ball, location: 2F
0-2: Strikes out looking
Batting: RHB Mike Bean 0-0: Ball
1-0: Ball
2-0: Ball
3-0: Called Strike
3-1: Called Strike
3-2: DOUBLE (Flyball, 89D)
Pinch Hitting: LHB Ling Li 0-0: Intentional Walk
Batting: RHB Shihei Kichikawa 0-0: Called Strike
0-1: Fly out, F3 (Popup, 3F)
Batting: LHB Tom Haymon 0-0: Ball
1-0: Foul Ball, location: 2F
1-1: Ball
2-1: Foul Ball, location: 2F
2-2: Foul Ball, location: 2F
2-2: Ball
3-2: Base on Balls
Mike Bean to third
Ling Li to second
Batting: RHB Jeff Hunter 0-0: GRAND SLAM HOME RUN (Flyball, 7LD), Distance : 354 ft
Pitching: RHP Josh Terry
Batting: RHB Xi-ku See-to 0-0: Ball
1-0: Fly out, F8 (Flyball, 8RM)
Top of the 7th over - 4 runs, 2 hits, 0 errors, 0 left on base; Provo 6 - Highwood 2
BOTTOM OF THE 7TH
Highwood Hawks batting - Pitching for Provo Mango : RHP Nicolas Roche
Now at 2B: Rocky Zolman
Batting: RHB Paco Ibarra 0-0: Called Strike
0-1: Ground out 6-3 (Groundball, 56)
Batting: RHB Fernando Franco 0-0: Ball
1-0: Called Strike
1-1: Called Strike
1-2: Ball
2-2: Strikes out looking
Batting: RHB Paul Byrd 0-0: Foul Ball, location: 2F
0-1: Ball
1-1: Fly out, F8 (Flyball, 8LS)
Bottom of the 7th over - 0 runs, 0 hits, 0 errors, 0 left on base; Provo 6 - Highwood 2
TOP OF THE 8TH
Provo Mango batting - Pitching for Highwood Hawks : RHP Josh Terry
Batting: SHB Tommy Dreamer 0-0: Called Strike
0-1: Ball
1-1: Swinging Strike
1-2: Strikes out looking
Batting: RHB Sun-jae Kwak 0-0: Ball
1-0: Foul Ball, location: 2F
1-1: Ball
2-1: Foul Ball, location: 2F
2-2: Foul Ball, location: 2F
2-2: Strikes out looking
Batting: RHB Gerardo Vázquez 0-0: Ground out 6-3 (Groundball, 6)
Top of the 8th over - 0 runs, 0 hits, 0 errors, 0 left on base; Provo 6 - Highwood 2
BOTTOM OF THE 8TH
Highwood Hawks batting - Pitching for Provo Mango : RHP Nicolas Roche
Pitching: RHP Augusto Rumina
Batting: RHB Ray Covalt 0-0: Ball
1-0: Called Strike
1-1: Foul Ball, location: 2F
1-2: Foul Ball, location: 2F
1-2: Ground out 6-3 (Groundball, 6)
Batting: RHB Jimmy Scott 0-0: Swinging Strike
0-1: Ground out 6-3 (Groundball, 6)
Batting: SHB Greg Buckner 0-0: Ball
1-0: Called Strike
1-1: Swinging Strike
1-2: Foul Ball, location: 2F
1-2: Foul Ball, location: 2F
1-2: Ball
2-2: Ball
3-2: Ground out 1-3 (Groundball, P)
Bottom of the 8th over - 0 runs, 0 hits, 0 errors, 0 left on base; Provo 6 - Highwood 2
TOP OF THE 9TH
Provo Mango batting - Pitching for Highwood Hawks : RHP Josh Terry
Pitching: LHP Urs Ehles
Batting: RHB Mike Bean 0-0: Ball
1-0: Foul Ball, location: 2F
1-1: Ground out U3 (Groundball, 3)
Batting: RHB Rocky Zolman 0-0: Foul Ball, location: 2F
0-1: Ball
1-1: Called Strike
1-2: Ball
2-2: Ball
3-2: Strikes out swinging
Batting: RHB Shihei Kichikawa 0-0: Fly out, F7 (Flyball, 7S)
Top of the 9th over - 0 runs, 0 hits, 0 errors, 0 left on base; Provo 6 - Highwood 2
BOTTOM OF THE 9TH
Highwood Hawks batting - Pitching for Provo Mango : RHP Augusto Rumina
Batting: RHB Félix Vaca 0-0: Called Strike
0-1: Ground out 6-3 (Groundball, 6)
Batting: RHB Jon Deal 0-0: Ball
1-0: Ball
2-0: Ball
3-0: Called Strike
3-1: Base on Balls
Batting: SHB Arvo Helminen 0-0: Ball
1-0: Fly out, F7 (Line Drive, 7S)
Batting: RHB Paco Ibarra 0-0: Ball
1-0: Ground out 4-3 (Groundball, 6M)
Bottom of the 9th over - 0 runs, 0 hits, 0 errors, 1 left on base; Provo 6 - Highwood 2
Sunday, March 18th, 2018 - OOTP Baseball 18.8 Build 76